[Event "4th Memorial Warakomska-A 2020"]
[Site "Suwalki"]
[Date "2020.08.08"]
[Round "4.9"]
[White "Backiel, Hubert"]
[Black "Bugajski, Robert"]
[Result "0-1"]
[ECO "B51"]
[WhiteElo "1943"]
[BlackElo "2081"]
[Annotator "ChessBase"]
[PlyCount "98"]
[EventDate "2020.08.06"]
[EventType "swiss"]
[EventCountry "POL"]
[SourceTitle "playchess.com"]
[Source "ChessBase"]
[SourceQuality "1"]
[TimeControl "40/5400+30:1800+30"]

1. e4 c5 2. Nf3 d6 3. Bb5+ Nd7 4. a4 a6 5. Be2 Ngf6 6. Nc3 e6 7. a5 Be7 8. O-O O-O 9. d4 Qc7 10. Be3 cxd4 11. Nxd4 b5 12. axb6 Nxb6 13. Nb3 Nc4 14. Nb5 Qb8 15. Bxc4 axb5 16. Rxa8 Qxa8 17. Bxb5 Qxe4 18. Bd3 Qh4 19. g3 Qh3 20. f3 Bb7 21. Nd4 Ng4 22. Qe2 Nxe3 23. Qxe3 Rc8 24. Ra1 Bf6 25. Be4 Bxe4 26. Qxe4 d5 27. Qd3 Qh5 28. c3 Bxd4+ 29. cxd4 Qg5 30. Kf2 Qe7 31. Ra3 g6 32. Rc3 Rb8 33. b3 Qa3 34. Qc2 Kg7 35. Ke3 Qa1 36. Kd3 Rb4 37. Qd2 Qb1+ 38. Ke2 Rxb3 39. Rxb3 Qxb3 40. Kf2 f6 41. Kg2 g5 42. f4 h6 43. fxg5 hxg5 44. h4 gxh4 45. gxh4 Qb1 46. Kh2 Qe4 47. Qf2 Qg4 48. Kh1 Kg6 49. Qc2+ Qe4+ 0-1

[Event "4th Memorial Warakomska-A 2020"]
[Site "Suwalki"]
[Date "2020.08.08"]
[Round "4.10"]
[White "Malaczek, Mateusz"]
[Black "Jakhari, Ansh"]
[Result "1-0"]
[ECO "A20"]
[WhiteElo "2036"]
[BlackElo "1908"]
[Annotator "ChessBase"]
[PlyCount "105"]
[EventDate "2020.08.06"]
[EventType "swiss"]
[EventCountry "POL"]
[SourceTitle "playchess.com"]
[Source "ChessBase"]
[SourceQuality "1"]
[TimeControl "40/5400+30:1800+30"]

1. c4 e5 2. g3 Nf6 3. Bg2 d5 4. cxd5 Nxd5 5. Nf3 Nc6 6. O-O Be7 7. d4 exd4 8. Nxd4 O-O 9. Nxc6 bxc6 10. a3 Be6 11. Qc2 Qd6 12. e4 Nb6 13. Bf4 Qc5 14. Nc3 Nc4 15. Rfc1 Rab8 16. Na4 Qd4 17. b4 g5 18. Rd1 Qg7 19. Bxc7 Rb7 20. Bf1 Bf6 21. Bxc4 Bxa1 22. Bd6 Bg4 23. Bxf8 Bxd1 24. Qxd1 Qf6 25. Nc5 Rc7 26. Qd6 Rc8 27. Qxf6 Bxf6 28. Bd6 Bb2 29. e5 Bxa3 30. e6 Bxb4 31. exf7+ Kg7 32. f8=Q+ Rxf8 33. Bxf8+ Kxf8 34. Ne6+ Ke7 35. Nxg5 Kd6 36. Kf1 Kc5 37. Bb3 Kd4 38. Ke2 Kc3 39. Ba4 c5 40. Ne6 c4 41. f4 Kb2 42. f5 c3 43. Kd3 Be7 44. Nc7 a5 45. Nd5 Bb4 46. f6 h6 47. f7 h5 48. Nxb4 axb4 49. f8=Q b3 50. Qb4 c2 51. Qxb3+ Ka1 52. Qa3+ Kb1 53. Bxc2# 1-0

[Event "4th Memorial Warakomska-A 2020"]
[Site "Suwalki"]
[Date "2020.08.08"]
[Round "4.11"]
[White "Deruelle Sala, Albert"]
[Black "Krasiewicz, Robert"]
[Result "1-0"]
[ECO "B06"]
[WhiteElo "2078"]
[BlackElo "2033"]
[Annotator "ChessBase"]
[PlyCount "91"]
[EventDate "2020.08.06"]
[EventType "swiss"]
[EventCountry "POL"]
[SourceTitle "playchess.com"]
[Source "ChessBase"]
[SourceQuality "1"]
[TimeControl "40/5400+30:1800+30"]

1. d4 g6 2. e4 Bg7 3. Nc3 d6 4. f4 a6 5. a4 Nc6 6. d5 Nb4 7. Nf3 c6 8. dxc6 bxc6 9. Be3 c5 10. Bc4 Bb7 11. O-O Nf6 12. Ng5 O-O 13. e5 Ne8 14. e6 f5 15. Nf7 Qc7 16. Nd5 Nxd5 17. Bxd5 Bxd5 18. Qxd5 Nf6 19. Qc4 Rfb8 20. b3 Rb4 21. Qe2 Ng4 22. Bd2 Re4 23. Qf3 Bxa1 24. Rxa1 c4 25. Rf1 Rc8 26. Ng5 d5 27. h3 Qb6+ 28. Kh1 Nf6 29. g4 c3 30. Be1 Re3 31. Qg2 d4 32. Bf2 Qc6 33. Bxe3 Qxg2+ 34. Kxg2 dxe3 35. gxf5 h6 36. Nf7 gxf5 37. Nxh6+ Kh7 38. Nxf5 Nd5 39. Kf3 Rf8 40. Ke4 Nc7 41. Nd4 Rf6 42. f5 Rh6 43. Rf3 Rh4+ 44. Kxe3 Kg7 45. f6+ Kg8 46. Nf5 1-0

[Event "4th Memorial Warakomska-A 2020"]
[Site "Suwalki"]
[Date "2020.08.08"]
[Round "4.12"]
[White "Budzisz, Adrian"]
[Black "Flis, Pawel"]
[Result "1-0"]
[ECO "A48"]
[WhiteElo "1823"]
[BlackElo "1873"]
[Annotator "NA"]
[PlyCount "105"]
[EventDate "2020.08.06"]
[EventType "swiss"]
[EventCountry "POL"]
[SourceTitle "playchess.com"]
[Source "ChessBase"]
[SourceQuality "1"]
[TimeControl "40/5400+30:1800+30"]

1. Nf3 Nf6 2. d4 g6 3. c3 Bg7 4. Bf4 O-O 5. e3 d6 6. h3 b6 7. Be2 {[%emt 0:00:10] A48: 1 d4 Nf6 2 Nf3 g6: Torre, London and Colle Systems.} Bb7 8. a4 c5 9. a5 Nbd7 10. O-O bxa5 11. Nbd2 cxd4 12. exd4 Nb6 {[%emt 0:06:36] [#]} 13. Re1 $146 ({Predecessor:} 13. Bh2 a4 14. Bb5 Ne4 15. Re1 Nxd2 16. Nxd2 e5 17. Nf3 e4 18. Nd2 Qg5 19. Bxa4 Nxa4 20. Rxa4 {1-0 (45) Mikac,M (2440)-Armanda,I (2255) Nova Gorica 1997}) 13... Bc6 14. Bh2 ({Much weaker is} 14. Rxa5 Nbd5 $17 {[%mdl 64] Discovered Attack}) 14... a4 15. Nc4 Nxc4 16. Bxc4 Rb8 17. d5 Bd7 18. Ra2 Re8 19. Nd4 Qb6 20. Qd3 Bf8 21. g4 Qc5 22. b4 axb3 23. Nxb3 Qc7 24. Rea1 Rec8 25. Nd2 Ra8 26. Ra6 Rcb8 27. Qd4 Rb7 28. Bf4 Bg7 29. Qd3 ({White should try} 29. Qe3 $15) 29... h5 30. f3 Rb6 ({Black should play} 30... Rb2 $17 31. Be3 hxg4 32. hxg4 Bc8 33. Rxa7 Rxa7 34. Rxa7 Bb7) 31. R6a5 hxg4 32. hxg4 Nh7 33. Be3 Rb7 34. Kg2 Qc8 $2 (34... f5 $15 {stays ahead.}) 35. Ba6 {[%emt 0:00:18] Skewer} ({Inferior is} 35. Rxa7 Raxa7 36. Rxa7 Rxa7 $15) 35... Bxg4 36. Bxb7 Bh3+ 37. Kf2 Qxb7 38. Rxa7 Rxa7 39. Rxa7 Qb2 40. Rxe7 Bf5 41. Re8+ Nf8 42. Qa6 Bd7 $2 (42... Qxc3 {was necessary.} 43. Qxd6 Qa5) 43. Rd8 Qxc3 $18 44. Qxd6 Bb5 45. Ne4 Qb2+ 46. Bd2 f5 47. Qb4 fxe4 48. Rxf8+ Kh7 49. Qxb2 Bxb2 50. Rb8 Bd4+ 51. Be3 Bxe3+ 52. Kxe3 Ba4 53. fxe4 1-0

[Event "4th Memorial Warakomska-A 2020"]
[Site "Suwalki"]
[Date "2020.08.08"]
[Round "4.13"]
[White "Choroszej, Aleksander"]
[Black "Jurkiewicz, Krzysztof"]
[Result "1-0"]
[ECO "A69"]
[WhiteElo "2059"]
[BlackElo "2275"]
[Annotator "ChessBase"]
[PlyCount "57"]
[EventDate "2020.08.06"]
[EventType "swiss"]
[EventCountry "POL"]
[SourceTitle "playchess.com"]
[Source "ChessBase"]
[SourceQuality "1"]
[TimeControl "40/5400+30:1800+30"]

1. d4 Nf6 2. c4 g6 3. Nc3 Bg7 4. e4 d6 5. f4 O-O 6. Nf3 c5 7. d5 e6 8. Be2 exd5 9. cxd5 Re8 10. e5 dxe5 11. fxe5 Ng4 12. e6 fxe6 13. d6 Bd7 14. O-O Qb6 15. Qe1 Qxd6 16. Qh4 Nf6 17. Bg5 Rf8 18. Rad1 Qc7 19. Nd2 Nd5 20. Rxf8+ Bxf8 21. Nde4 Bg7 22. Nxd5 exd5 23. Bf4 Qc8 24. Rxd5 Nc6 25. Bc4 Kh8 26. Ng5 h5 27. Nf7+ Kg8 28. Nd6 Qd8 29. Rf5+ 1-0

[Event "4th Memorial Warakomska-A 2020"]
[Site "Suwalki"]
[Date "2020.08.08"]
[Round "4.14"]
[White "Strzelecki, Jerzy"]
[Black "Rosol, Alexander"]
[Result "0-1"]
[ECO "A05"]
[WhiteElo "1977"]
[BlackElo "1933"]
[Annotator "ChessBase"]
[PlyCount "64"]
[EventDate "2020.08.06"]
[EventType "swiss"]
[EventCountry "POL"]
[SourceTitle "playchess.com"]
[Source "ChessBase"]
[SourceQuality "1"]
[TimeControl "40/5400+30:1800+30"]

1. Nf3 Nf6 2. c4 g6 3. g3 Bg7 4. Bg2 O-O 5. O-O d6 6. Nc3 c6 7. d3 e5 8. Rb1 Re8 9. Bg5 h6 10. Bxf6 Bxf6 11. Qc2 Be6 12. e4 Nd7 13. b4 a6 14. Rfc1 Bg7 15. a4 f5 16. b5 axb5 17. axb5 Qc7 18. Nh4 Kh7 19. Qe2 f4 20. Bf3 Nc5 21. Rc2 Bf6 22. Ng2 g5 23. bxc6 bxc6 24. Bh5 Rg8 25. g4 Ra3 26. Ne1 Rga8 27. Kg2 Qa5 28. Nd1 Bd8 29. Be8 Qa6 30. Bh5 Ba5 31. Nb2 Rb8 32. Rbc1 Nb3 0-1

[Event "4th Memorial Warakomska-A 2020"]
[Site "Suwalki"]
[Date "2020.08.08"]
[Round "4.15"]
[White "Marczukiewicz, Jerzy"]
[Black "Chojnowski, Marcin"]
[Result "0-1"]
[ECO "E11"]
[WhiteElo "1912"]
[BlackElo "2035"]
[Annotator "ChessBase"]
[PlyCount "64"]
[EventDate "2020.08.06"]
[EventType "swiss"]
[EventCountry "POL"]
[SourceTitle "playchess.com"]
[Source "ChessBase"]
[SourceQuality "1"]
[TimeControl "40/5400+30:1800+30"]

1. Nf3 Nf6 2. c4 e6 3. d4 Bb4+ 4. Bd2 c5 5. Nc3 cxd4 6. Nxd4 O-O 7. Rc1 Nc6 8. Nc2 Bc5 9. Be3 Be7 10. Bg5 Qb6 11. b3 Ng4 12. Be3 Qa5 13. Bd2 Qf5 14. f3 Bc5 15. e3 Nf6 16. Be2 d5 17. Nb5 dxc4 18. Bxc4 Rd8 19. Qe2 a6 20. e4 Qh5 21. Nc3 b5 22. b4 Ba7 23. Bb3 Ne5 24. Ne3 Nd3+ 25. Kf1 Nxc1 26. Bxc1 Bb7 27. h4 Rac8 28. Bb2 Bd4 29. Ncd5 Nxd5 30. Bxd5 Bxd5 31. Bxd4 Rc1+ 32. Nd1 Bc4 0-1

[Event "4th Memorial Warakomska-A 2020"]
[Site "Suwalki"]
[Date "2020.08.09"]
[Round "5.3"]
[White "Goluch, Piotr"]
[Black "Shilov, Sergej"]
[Result "1-0"]
[ECO "E66"]
[WhiteElo "2376"]
[BlackElo "2121"]
[Annotator "ChessBase"]
[PlyCount "97"]
[EventDate "2020.08.06"]
[EventType "swiss"]
[EventCountry "POL"]
[SourceTitle "playchess.com"]
[Source "ChessBase"]
[SourceQuality "1"]
[TimeControl "40/5400+30:1800+30"]

1. d4 Nf6 2. c4 g6 3. Nf3 Bg7 4. g3 O-O 5. Bg2 d6 6. O-O c5 7. Nc3 Nc6 8. d5 Na5 9. Nd2 a6 10. Rb1 Bf5 11. e4 Bd7 12. Qc2 b5 13. b3 Rb8 14. Bb2 e5 15. Ne2 h5 16. h3 bxc4 17. bxc4 Qc8 18. Bc3 Nb7 19. Kh2 h4 20. gxh4 Nh5 21. Rb6 Qd8 22. Qb2 Bc8 23. f4 exf4 24. Bxg7 Nxg7 25. Nf3 Nh5 26. Rb1 Re8 27. Ng5 Re5 28. Bf3 Rxg5 29. hxg5 Qxg5 30. Bxh5 Qxh5 31. Nxf4 Qh4 32. Rf1 Qe7 33. Nh5 gxh5 34. Rg1+ Bg4 35. Qf2 Re8 36. hxg4 h4 37. Qf4 Na5 38. Rxd6 Nxc4 39. Rf6 Ne5 40. d6 Qb7 41. Rf1 Qb2+ 42. Kh3 Qd4 43. Qg5+ Kf8 44. Qxh4 Kg7 45. Qh6+ Kg8 46. Qg5+ Kf8 47. Rh6 Nc4 48. Rxf7+ Kxf7 49. Qf5+ 1-0

[Event "4th Memorial Warakomska-A 2020"]
[Site "Suwalki"]
[Date "2020.08.09"]
[Round "5.4"]
[White "Godzwon, Iwo"]
[Black "Praczukowski, Stanislaw"]
[Result "0-1"]
[ECO "B90"]
[WhiteElo "2347"]
[BlackElo "2132"]
[Annotator "ChessBase"]
[PlyCount "72"]
[EventDate "2020.08.06"]
[EventType "swiss"]
[EventCountry "POL"]
[SourceTitle "playchess.com"]
[Source "ChessBase"]
[SourceQuality "1"]
[TimeControl "40/5400+30:1800+30"]

1. e4 c5 2. Nf3 d6 3. d4 cxd4 4. Nxd4 Nf6 5. Nc3 a6 6. Be3 Ng4 7. Bc1 Nf6 8. f3 e5 9. Nb3 Be6 10. Be3 Be7 11. Qd2 O-O 12. O-O-O a5 13. a4 Nc6 14. g4 Nb4 15. Bb5 Rc8 16. Kb1 Qc7 17. g5 Nh5 18. Rhg1 d5 19. Nxd5 Bxd5 20. exd5 Rfd8 21. c4 Qd6 22. Nc1 Qg6+ 23. Ka1 Nc2+ 24. Ka2 Nb4+ 25. Kb3 Qb1 26. Bb6 Rxd5 27. Qf2 Rxb5 28. axb5 a4+ 29. Kc3 Nf4 30. Bc5 Nfd5+ 31. cxd5 Bxc5 32. Qxc5 Qc2+ 33. Kxb4 Qxc5+ 34. Kxa4 Qc4+ 35. Ka5 b6+ 36. Ka6 Qc7 0-1

[Event "4th Memorial Warakomska-A 2020"]
[Site "Suwalki"]
[Date "2020.08.09"]
[Round "5.5"]
[White "Rasti, Arvin"]
[Black "Malaczek, Mateusz"]
[Result "1/2-1/2"]
[ECO "B06"]
[WhiteElo "2139"]
[BlackElo "2036"]
[Annotator "NA"]
[PlyCount "67"]
[EventDate "2020.08.06"]
[EventType "swiss"]
[EventCountry "POL"]
[SourceTitle "playchess.com"]
[Source "ChessBase"]
[SourceQuality "1"]
[TimeControl "40/5400+30:1800+30"]

1. d4 g6 2. e4 Bg7 3. Nc3 d6 4. Be3 a6 5. h4 Nf6 6. f3 b5 {[%emt 0:01:24] B07: Pirc Defence: Miscellaneous Systems.} 7. Qd2 h6 8. Nh3 Nbd7 9. O-O-O Nb6 10. g4 b4 11. Nb1 a5 {[%emt 0:04:10] [#]} 12. g5 $146 ({Predecessor:} 12. Nf4 Nfd7 13. Bb5 Bb7 14. d5 c5 15. dxc6 Bxc6 16. Qe2 Rc8 17. Bxc6 Rxc6 18. Nd5 {0-1 (34) Ioseliani,N (2520)-Svidler,P (2660) Luzern 1997}) 12... hxg5 13. hxg5 Nfd7 14. Bb5 Bb7 (14... c6 $5 15. Bxc6 Nc4 $14) 15. Nf2 Rg8 16. d5 c5 17. Qe2 Qc8 18. Ng4 Ba6 19. Rh7 Bxb5 20. Qxb5 Qa6 21. Qxa6 Rxa6 22. c3 bxc3 23. Nxc3 Nc4 24. Kc2 Nde5 25. Bc1 Nxg4 26. fxg4 Ne5 27. Nb5 Kf8 28. Rf1 Rh8 29. Rxh8+ Bxh8 30. Rg1 Nf3 $11 31. Rh1 Nd4+ 32. Kd3 Bg7 33. a4 Nf3 34. Bf4 1/2-1/2

[Event "4th Memorial Warakomska-A 2020"]
[Site "Suwalki"]
[Date "2020.08.09"]
[Round "5.6"]
[White "Wolanski, Michal"]
[Black "Mulet, Piotr"]
[Result "0-1"]
[ECO "A20"]
[WhiteElo "2019"]
[BlackElo "2217"]
[Annotator "ChessBase"]
[PlyCount "68"]
[EventDate "2020.08.06"]
[EventType "swiss"]
[EventCountry "POL"]
[SourceTitle "playchess.com"]
[Source "ChessBase"]
[SourceQuality "1"]
[TimeControl "40/5400+30:1800+30"]

1. c4 e5 2. g3 Nf6 3. Bg2 c6 4. Nf3 e4 5. Nd4 d5 6. cxd5 Qxd5 7. Nb3 Qh5 8. Nc3 Bh3 9. O-O Bd6 10. Re1 Bxg2 11. Kxg2 Ng4 12. h3 Nxf2 13. Kxf2 Qf5+ 14. Kg2 Qe5 15. Nxe4 Qxe4+ 16. Kh2 Nd7 17. d3 Qh4 18. Rg1 O-O 19. e4 f5 20. Be3 Rae8 21. Qd2 Nf6 22. Qe1 fxe4 23. Bc5 Qh5 24. Bxd6 Ng4+ 25. Kg2 Rf2+ 26. Qxf2 Nxf2 27. Kxf2 Qf3+ 28. Ke1 exd3+ 29. Kd2 Re2+ 30. Kc3 d2+ 31. Kb4 Re4+ 32. Ka3 b5 33. Bb4 a5 34. g4 axb4# 0-1

[Event "4th Memorial Warakomska-A 2020"]
[Site "Suwalki"]
[Date "2020.08.09"]
[Round "5.7"]
[White "Bugajski, Robert"]
[Black "Rudzinska, Michalina"]
[Result "0-1"]
[ECO "A04"]
[WhiteElo "2081"]
[BlackElo "2080"]
[Annotator "ChessBase"]
[PlyCount "94"]
[EventDate "2020.08.06"]
[EventType "swiss"]
[EventCountry "POL"]
[SourceTitle "playchess.com"]
[Source "ChessBase"]
[SourceQuality "1"]
[TimeControl "40/5400+30:1800+30"]

1. Nf3 c5 2. g3 Nc6 3. Bg2 g6 4. O-O Bg7 5. c4 d6 6. Nc3 e5 7. d3 Nge7 8. Rb1 O-O 9. a3 f5 10. Bd2 a5 11. Ne1 Be6 12. Nd5 Bxd5 13. cxd5 Nb8 14. Nc2 a4 15. Ne3 f4 16. Nc2 Nd7 17. e4 fxe3 18. fxe3 Rxf1+ 19. Qxf1 Qb6 20. Bh3 Nf6 21. Be6+ Kh8 22. e4 c4+ 23. Kg2 Rf8 24. Qe2 cxd3 25. Qxd3 Nxe4 26. Be3 Nc5 27. Bxc5 Qxc5 28. Rf1 Nf5 29. Bxf5 gxf5 30. Rxf5 Rxf5 31. Qxf5 Qxd5+ 32. Kh3 Kg8 33. Qc8+ Bf8 34. Qg4+ Kf7 35. Qf5+ Kg8 36. Qg4+ Kh8 37. Qf5 Qg8 38. Ne3 Qg7 39. Ng4 Be7 40. Qc8+ Qf8 41. Qxb7 Qf1+ 42. Qg2 Qf5 43. Qb7 Bf6 44. Qa8+ Kg7 45. Qb7+ Kg6 46. Qc6 Qh5+ 47. Kg2 Qxg4 0-1

[Event "4th Memorial Warakomska-A 2020"]
[Site "Suwalki"]
[Date "2020.08.09"]
[Round "5.8"]
[White "Szustakowski, Antoni"]
[Black "Kucza, Karol"]
[Result "1/2-1/2"]
[ECO "D31"]
[WhiteElo "2295"]
[BlackElo "2245"]
[Annotator "ChessBase"]
[PlyCount "131"]
[EventDate "2020.08.06"]
[EventType "swiss"]
[EventCountry "POL"]
[SourceTitle "playchess.com"]
[Source "ChessBase"]
[SourceQuality "1"]
[TimeControl "40/5400+30:1800+30"]

1. d4 d5 2. c4 e6 3. Nc3 c6 4. e4 dxe4 5. Nxe4 Bb4+ 6. Bd2 Qxd4 7. Bxb4 Qxe4+ 8. Be2 Na6 9. Ba5 b6 10. Qd6 Bd7 11. Bc3 f6 12. Rd1 O-O-O 13. Qa3 Kb7 14. c5 Nc7 15. Nf3 Nb5 16. Qb3 Ne7 17. a4 Nxc3 18. bxc3 Bc8 19. Rb1 Ka8 20. cxb6 Ba6 21. Rb2 Bxe2 22. Rxe2 Qd5 23. b7+ Kb8 24. Qc2 e5 25. O-O Qd3 26. Qb2 Nd5 27. c4 Nf4 28. Rd2 Nh3+ 29. gxh3 Qxf3 30. Rfd1 Qxd1+ 31. Rxd1 Rxd1+ 32. Kg2 Rd7 33. a5 Rxb7 34. Qa3 Rd8 35. a6 Rc7 36. Qc5 Kc8 37. h4 Kd7 38. f4 Ke6 39. fxe5 fxe5 40. Kf3 Rd4 41. h5 Rh4 42. Ke3 Rxh5 43. Qf8 Rh3+ 44. Ke4 Rh4+ 45. Kd3 Rd4+ 46. Kc3 c5 47. Qg8+ Kf6 48. Qf8+ Kg5 49. Qe8 Kf6 50. Qf8+ Ke6 51. Qg8+ Rf7 52. Qe8+ Re7 53. Qc8+ Rdd7 54. Qxc5 e4 55. Qh5 g6 56. Qh6 Kf6 57. c5 e3 58. c6 Rc7 59. Qf4+ Kg7 60. Qd4+ Kf7 61. Qc4+ Kf8 62. Qf4+ Kg7 63. Qd4+ Kf7 64. Qc4+ Kf6 65. Qf4+ Kg7 66. Qd4+ 1/2-1/2

[Event "4th Memorial Warakomska-A 2020"]
[Site "Suwalki"]
[Date "2020.08.09"]
[Round "5.9"]
[White "Jarocka, Liwia"]
[Black "Deruelle Sala, Albert"]
[Result "0-1"]
[ECO "B41"]
[WhiteElo "1934"]
[BlackElo "2078"]
[Annotator "ChessBase"]
[PlyCount "106"]
[EventDate "2020.08.06"]
[EventType "swiss"]
[EventCountry "POL"]
[SourceTitle "playchess.com"]
[Source "ChessBase"]
[SourceQuality "1"]
[TimeControl "40/5400+30:1800+30"]

1. e4 c5 2. Nf3 e6 3. d4 cxd4 4. Nxd4 a6 5. c4 Nf6 6. Nc3 Bb4 7. Qd3 O-O 8. Be2 Nc6 9. Nxc6 dxc6 10. O-O Qxd3 11. Bxd3 e5 12. Be3 Be6 13. Na4 b5 14. Bc5 Rfd8 15. Bxb4 Rxd3 16. Nc5 Rd4 17. Nxe6 fxe6 18. f3 Rxc4 19. Bc3 Rd8 20. Bxe5 Rd2 21. Bc3 Re2 22. a3 Kf7 23. Rfc1 Nd7 24. Kf1 Re3 25. Kf2 Rd3 26. Ke2 Nc5 27. Rd1 Rxd1 28. Rxd1 Na4 29. Be5 Nb6 30. Bc7 Na4 31. Rd2 Rc1 32. Be5 Nb6 33. Bc3 g6 34. Rd1 Rxd1 35. Kxd1 Nc4 36. Ke2 c5 37. Kd3 Ke7 38. a4 Kd6 39. f4 Kc6 40. g4 Nd6 41. axb5+ axb5 42. e5 Nb7 43. Ke4 b4 44. Bd2 Na5 45. f5 Nc4 46. Bc1 gxf5+ 47. gxf5 exf5+ 48. Kxf5 Nb6 49. e6 Nd5 50. Ke5 c4 51. Kd4 c3 52. bxc3 bxc3 53. e7 Nxe7 0-1

[Event "4th Memorial Warakomska-A 2020"]
[Site "Suwalki"]
[Date "2020.08.09"]
[Round "5.10"]
[White "Jakhari, Ansh"]
[Black "Budzisz, Adrian"]
[Result "1/2-1/2"]
[ECO "C08"]
[WhiteElo "1908"]
[BlackElo "1823"]
[Annotator "ChessBase"]
[PlyCount "149"]
[EventDate "2020.08.06"]
[EventType "swiss"]
[EventCountry "POL"]
[SourceTitle "playchess.com"]
[Source "ChessBase"]
[SourceQuality "1"]
[TimeControl "40/5400+30:1800+30"]

1. e4 e6 2. d4 d5 3. Nd2 c5 4. exd5 exd5 5. Ngf3 Nf6 6. Bd3 c4 7. Be2 Bd6 8. O-O Nc6 9. Re1 O-O 10. Nf1 h6 11. Ne3 Be6 12. c3 b5 13. g3 Qc7 14. Ng2 Rfe8 15. Bf4 Bf5 16. Nfh4 Bh7 17. Bxd6 Qxd6 18. Ne3 Ne4 19. Bf3 Rad8 20. Nhg2 Ne7 21. a4 a6 22. axb5 axb5 23. Ra7 Ng5 24. Bg4 b4 25. Qa4 bxc3 26. bxc3 Ne4 27. Rc1 f5 28. Be2 Qb8 29. Nf4 Qb2 30. Rc2 Qb1+ 31. Kg2 Qe1 32. Bd1 Nxc3 33. Qa5 Nc6 34. Qc7 Re7 35. Qxc6 Rxa7 36. Qb6 Rda8 37. Qb4 Ra4 38. Qxc3 Qxc3 39. Rxc3 Ra3 40. Nfxd5 f4 41. Nxc4 Be4+ 42. Kh3 Bf5+ 43. g4 Rxc3+ 44. Nxc3 Bd3 45. Bb3 Bf1+ 46. Kh4 g5+ 47. Kh5 Kg7 48. Ne4 Bxc4 49. Bxc4 Ra3 50. Bf1 Ra4 51. Nd6 Ra2 52. Nf5+ Kf6 53. Nd6 Kg7 54. Ne4 Ra4 55. Nc5 Ra2 56. Nd3 Ra1 57. Bg2 Rd1 58. Be4 f3 59. Ne5 Rxd4 60. Bxf3 Rd2 61. h4 Rxf2 62. Ng6 Rxf3 63. hxg5 hxg5 64. Kxg5 Ra3 65. Ne5 Ra5 66. Kf5 Ra1 67. g5 Rf1+ 68. Kg4 Rf2 69. Kg3 Rf5 70. Nf3 Ra5 71. Kg4 Ra4+ 72. Kf5 Ra1 73. Ne5 Re1 74. Kf4 Rf1+ 75. Kg4 1/2-1/2

[Event "4th Memorial Warakomska-A 2020"]
[Site "Suwalki"]
[Date "2020.08.09"]
[Round "5.11"]
[White "Leskiewicz, Ignacy"]
[Black "Choroszej, Aleksander"]
[Result "1-0"]
[ECO "B06"]
[WhiteElo "2190"]
[BlackElo "2059"]
[Annotator "ChessBase"]
[PlyCount "113"]
[EventDate "2020.08.06"]
[EventType "swiss"]
[EventCountry "POL"]
[SourceTitle "playchess.com"]
[Source "ChessBase"]
[SourceQuality "1"]
[TimeControl "40/5400+30:1800+30"]

1. e4 g6 2. d4 Bg7 3. Nc3 d6 4. Be3 a6 5. Qd2 b5 6. h4 Nf6 7. f3 h5 8. O-O-O c6 9. Qe1 Qc7 10. Kb1 Nbd7 11. Nh3 Nb6 12. Ng5 b4 13. Ne2 c5 14. Nc1 Bb7 15. dxc5 dxc5 16. Nd3 Nfd7 17. Bf4 e5 18. Bc1 a5 19. g4 c4 20. Nf2 c3 21. gxh5 Rxh5 22. Bh3 Nc5 23. Qg1 cxb2 24. Bxb2 Nca4 25. Nd3 Nc4 26. Rh2 Ncxb2 27. Nxb2 Nc3+ 28. Ka1 Nxd1 29. Nxd1 Rd8 30. Bg4 Rh8 31. Be6 Rf8 32. Bb3 Qd6 33. Nf2 Bc6 34. Ne6 fxe6 35. Qxg6+ Ke7 36. Qxg7+ Rf7 37. Qg5+ Kd7 38. Nd3 Kc7 39. Qe3 Qd4+ 40. Qxd4 exd4 41. Nc5 Kb6 42. Nxe6 Rh8 43. Nxd4 Rd7 44. Nxc6 Rd1+ 45. Kb2 Kxc6 46. h5 Kb5 47. h6 a4 48. Rh5+ Kb6 49. Bxa4 Rd6 50. h7 Rf6 51. Bd7 Rxf3 52. Bf5 Rg3 53. Rh2 Kc5 54. Rd2 Ra8 55. Rd7 Re8 56. Rc7+ Kd6 57. Rc8 1-0

[Event "4th Memorial Warakomska-A 2020"]
[Site "Suwalki"]
[Date "2020.08.09"]
[Round "5.12"]
[White "Korbal, Arkadiusz"]
[Black "Rosol, Alexander"]
[Result "1/2-1/2"]
[ECO "E73"]
[WhiteElo "2113"]
[BlackElo "1933"]
[Annotator "ChessBase"]
[PlyCount "120"]
[EventDate "2020.08.06"]
[EventType "swiss"]
[EventCountry "POL"]
[SourceTitle "playchess.com"]
[Source "ChessBase"]
[SourceQuality "1"]
[TimeControl "40/5400+30:1800+30"]

1. d4 Nf6 2. c4 g6 3. Nc3 Bg7 4. e4 d6 5. Be2 O-O 6. Be3 a6 7. g4 c5 8. d5 b5 9. g5 Nfd7 10. cxb5 axb5 11. Bxb5 Qa5 12. Nge2 Ba6 13. Bxa6 Nxa6 14. f4 Rfb8 15. Rb1 Nb4 16. a3 Bxc3+ 17. Nxc3 Na2 18. Bd2 Nxc3 19. Bxc3 Qb5 20. Qe2 Rxa3 21. Qxb5 Rxb5 22. Kd2 Ra4 23. Rhe1 Rb7 24. Ra1 Rba7 25. Rxa4 Rxa4 26. Kd3 Kf8 27. h4 Nb6 28. h5 Ra2 29. h6 Ke8 30. Rb1 Na4 31. Bg7 Kd7 32. f5 Kd8 33. fxg6 fxg6 34. Kc4 Nb6+ 35. Kb5 Nd7 36. Rf1 Ra8 37. Bc3 Rb8+ 38. Kc4 Ke8 39. Ra1 Nb6+ 40. Kd3 Ra8 41. Rxa8+ Nxa8 42. Ba5 Kd7 43. Kc4 Nc7 44. Bxc7 Kxc7 45. Kb5 Kb7 46. b3 Kc7 47. Ka6 Kc8 48. Kb6 Kb8 49. Kc6 Kc8 50. e5 dxe5 51. Kxc5 Kc7 52. Kc4 Kd6 53. b4 e4 54. Kd4 e3 55. Kxe3 Kxd5 56. Kf4 e5+ 57. Ke3 Kc4 58. Ke4 Kxb4 59. Kxe5 Kc5 60. Kf6 Kd6 1/2-1/2

[Event "4th Memorial Warakomska-A 2020"]
[Site "Suwalki"]
[Date "2020.08.09"]
[Round "5.13"]
[White "Chojnowski, Marcin"]
[Black "Backiel, Hubert"]
[Result "0-1"]
[ECO "B40"]
[WhiteElo "2035"]
[BlackElo "1943"]
[Annotator "NA"]
[PlyCount "68"]
[EventDate "2020.08.06"]
[EventType "swiss"]
[EventCountry "POL"]
[SourceTitle "playchess.com"]
[Source "ChessBase"]
[SourceQuality "1"]
[TimeControl "40/5400+30:1800+30"]

1. e4 c5 2. Nf3 e6 3. d4 cxd4 4. Nxd4 Nf6 5. Bd3 Nc6 6. Nxc6 bxc6 7. O-O d5 8. Nc3 Be7 9. Re1 a5 {[%emt 0:02:18] [#] B40: Sicilian: 2...e6, Unusual lines.} 10. Bg5 $146 ({Predecessor:} 10. Qf3 Ba6 11. Bxa6 Rxa6 12. e5 Nd7 13. Qg3 g6 14. Bh6 Bf8 15. Bg5 Be7 16. Bh6 Bf8 17. Bg5 Be7 {½-½ (17) Juhasz,B (2223)-Horvath,T (2318) Ajka 2020}) 10... Ba6 11. exd5 cxd5 12. Bxf6 Bxf6 13. Bxa6 Rxa6 14. Nxd5 Bxb2 15. Rb1 Rd6 {[%emt 0:03:14] Pin} 16. c4 O-O 17. Rxb2 exd5 18. c5 Rh6 19. Qd4 Rh4 20. f4 Rxh2 $1 21. Qf2 Rh6 22. Rb6 $15 Rxb6 23. cxb6 d4 24. Qb2 Qd6 25. Re4 d3 26. Qd4 Qa3 27. Re1 h6 28. Rd1 Rb8 29. Rxd3 Qxa2 30. Rg3 Qb1+ 31. Kh2 g6 32. Qd5 Qxb6 33. f5 g5 34. Rh3 Rd8 0-1